 Dungeon Crawl Stone Soup version 0.19.5 (webtiles) character file.

859 miragecloak the Insei (level 8, -3/52 HPs)
             Began as an Octopode Transmuter on May 15, 2017.
             Was an Initiate of Ashenzari.
             Slain by Prince Ribbit (15 damage)
             ... on level 6 of the Dungeon.
             The game lasted 00:08:16 (6905 turns).

miragecloak the Insei (Octopode Transmuter)         Turns: 6905, Time: 00:08:17

Health: -3/52      AC:  2    Str:  9    XL:     8   Next: 2%
Magic:  5/11       EV: 20    Int: 15    God:    Ashenzari [......]
Gold:   47         SH:  0    Dex: 20    Spells: 2 memorised, 7 levels left

rFire  . . .     SeeInvis .       - Unarmed
rCold  . . .     Gourm    .     (shield currently unavailable)
rNeg   . . .     Faith    .     (helmet currently unavailable)
rPois  x         Spirit   .     (no amulet)
rElec  .         Reflect  .     (no ring)
rCorr  .         Harm     .     (no ring)
MR     .....                    (no ring)
Stlth  ++........               (no ring)
                                (no ring)
                                (no ring)
                                (no ring)
                                (no ring)

@: spider-form
A: almost no armour, stealthy swim, (amphibious), 8 rings, (constrict 8),
(camouflage 0), (gelatinous body 0)
a: End Transformation, Curse Item, Renounce Religion


You were on level 6 of the Dungeon.
You worshipped Ashenzari.
Ashenzari was noncommittal.
You were not hungry.
You were a venomous arachnid creature.
You visited 2 branches of the dungeon, and saw 7 of its levels.

You collected 297 gold pieces.
You spent 250 gold pieces at shops.

Inventory:

Missiles
 a - 83 arrows
Armour
 z - a +2 hat (melded)
Wands
 m - a wand of slowing (26/48)
 t - a wand of teleportation (6/9)
Scrolls
 e - 7 scrolls of remove curse
 g - 2 scrolls of immolation {unknown}
 h - a scroll of enchant weapon {unknown}
 i - 5 scrolls of identify {unknown}
 k - 2 scrolls of random uselessness {unknown}
 l - a scroll of recharging {unknown}
 n - 3 scrolls of amnesia {unknown}
 r - a scroll of noise {unknown}
 u - 2 scrolls of teleportation {unknown}
 v - a scroll of blinking {unknown}
 y - 3 scrolls of fog {unknown}
Potions
 f - a potion of magic {unknown}
 j - a potion of beneficial mutation {unknown}
 p - a potion of agility {unknown}
 s - 6 potions of flight {unknown}
 x - a potion of ambrosia {unknown}
 A - a potion of lignification {unknown}
Books
 b - a book of Changes

   Spells                             Type                      Level
   a - Beastly Appendage              Transmutation                1
   b - Sticks to Snakes               Transmutation                2
   c - Spider Form                    Transmutation/Poison         3
   d - Ice Form                       Ice/Transmutation            4
   e - Blade Hands                    Transmutation                5
 d - a book of Necromancy

   Spells                             Type                      Level
   a - Pain                           Necromancy                   1
   b - Animate Skeleton               Necromancy                   1
   c - Vampiric Draining              Necromancy                   3
   d - Regeneration                   Charms/Necromancy            3
   e - Animate Dead                   Necromancy                   4
   f - Control Undead                 Necromancy                   4
 w - Fuom's Almanac of Enchantment and Ice
   (You found it on level 5 of the Dungeon)

   Spells                             Type                      Level
   a - Freeze                         Ice                          1
   b - Throw Icicle                   Conjuration/Ice              4
   c - Cause Fear                     Hexes                        4
   d - Silence                        Hexes/Air                    5
   e - Simulacrum                     Ice/Necromancy               6
Comestibles
 c - 4 bread rations
 o - a slice of pizza
 q - 2 meat rations


   Skills:
 + Level 3.2 Fighting
 - Level 2.0 Dodging
 + Level 7.2 Unarmed Combat
 - Level 2.0 Spellcasting
 - Level 4.0 Transmutations
 - Level 3.7 Poison Magic


You had 7 spell levels left.
You knew the following spells:

 Your Spells              Type           Power        Failure   Level  Hunger
a - Beastly Appendage     Tmut           ##....       14%         1    #......
b - Spider Form           Tmut/Pois      ##........   36%         3    ###....


Dungeon Overview and Level Annotations

Branches:
Dungeon (6/15)             Temple (1/1) D:5

Altars:
Ashenzari
Cheibriados
Dithmenos
Elyvilon
Fedhas
Gozag
Hepliaklqana
Kikubaaqudgha
Makhleb
Nemelex Xobeh
Okawaru
Qazlal
Ru
Sif Muna
Trog
Uskayaw
Vehumet
Xom
Zin
The Shining One

Shops:
D:5 [   D:6 (

Annotations:
D:4 Grinder
D:5 appiemonkey's ghost, amateur MiFi
D:6 Prince Ribbit


Innate Abilities, Weirdness & Mutations

You cannot wear most types of armour.
You are very stealthy in the water. (Stealth+)
((You are amphibious.))
You can wear up to eight rings at the same time.
((You can use your tentacles to constrict eight enemies at once.))
((Your skin changes colour to match your surroundings (Stealth+).))
((Your rubbery body absorbs attacks. (AC +1, EV +1)))


Message History

You miss Prince Ribbit.
Prince Ribbit is moderately wounded.
Prince Ribbit completely misses you. Prince Ribbit closely misses you.
You barely miss Prince Ribbit.
Prince Ribbit is moderately wounded.
Prince Ribbit barely misses you.
Okay, then.
The orc wizard looks encouraged for a moment.
Prince Ribbit blinks!
Prince Ribbit barely misses you.
Prince Ribbit blinks!
The orc wizard gestures wildly while chanting.
The orc wizard flickers and vanishes!
Deactivating autopickup; reactivate with Ctrl-A.
Prince Ribbit completely misses you. Prince Ribbit completely misses you.
A howler monkey comes into view.
Prince Ribbit hits you!
You die...

#########
#.....o.#
#.#####.# #.#
#.# #######
####F#####o#
#......
#..s....##.#
#.###..
......##.##.##.#
#.###.. h.###
#.##.##o#
#.##...
#.##.##o#
#.##.#∩
#.......#
#.##.#.
####.####
#.....∩ #.#
####.## #.#
#...). #+ #.#
#.#.##


You could see Prince Ribbit and a howler monkey (sleeping).

Vanquished Creatures
  Edmund (D:4)
  Duvessa (D:4)
  Dowan (D:4)
  3 scorpions
  A crimson imp (D:6)
  A bullfrog zombie (D:5)
  2 orc wizards
  3 worker ants (D:4)
  A hound skeleton (D:4)
  A howler monkey zombie (D:5)
  3 gnolls
  6 adders
  A shadow imp (D:5)
  An adder skeleton (D:4)
  2 worms
  2 dart slugs
  5 leopard geckos
  19 orcs
  5 bats
  5 giant cockroaches
  7 goblins
  8 hobgoblins
  7 jackals
  4 quokkas
  3 frilled lizards
  16 kobolds
  A quokka zombie (D:5)
  5 rats
115 creatures vanquished.

Notes
Turn   | Place    | Note
-------+----------+-------------------------------------------
     0 | D:1      | miragecloak the Octopode Transmuter began the quest for the Orb.
     0 | D:1      | Reached XP level 1. HP: 13/13 MP: 3/3
   159 | D:1      | Reached XP level 2. HP: 10/18 MP: 3/5
   567 | D:1      | Reached XP level 3. HP: 9/23 MP: 4/6
   806 | D:1      | Learned a level 3 spell: Spider Form
  1242 | D:2      | Reached skill level 1 in Poison Magic
  1532 | D:2      | Reached XP level 4. HP: 25/28 MP: 3/7
  2520 | D:3      | Reached XP level 5. HP: 33/33 MP: 4/8
  3236 | D:4      | Noticed Edmund
  3252 | D:4      | Killed Edmund
  3252 | D:4      | Reached skill level 4 in Unarmed Combat
  3252 | D:4      | Reached XP level 6. HP: 5/38 MP: 5/9
  3254 | D:4      | HP: 1/38 [hound skeleton (4)]
  3537 | D:4      | Noticed Duvessa
  3679 | D:4      | Reached skill level 5 in Unarmed Combat
  4228 | D:4      | Noticed Dowan
  4242 | D:4      | Noticed Grinder
  4276 | D:3      | Found a faded altar of an unknown god.
  4551 | D:3      | Found a shimmering altar of Xom.
  4551 | D:3      | Found a white marble altar of Elyvilon.
  4552 | D:3      | Found an iron altar of Okawaru.
  4559 | D:3      | Found a blossoming altar of Fedhas.
  4811 | D:4      | Killed Duvessa
  4811 | D:4      | Reached skill level 6 in Unarmed Combat
  4811 | D:4      | Reached XP level 7. HP: 33/43 MP: 6/10
  4818 | D:5      | Entered Level 5 of the Dungeon
  4840 | D:5      | Identified Fuom's Almanac of Enchantment and Ice
  4929 | D:5      | Found a shattered altar of Ashenzari.
  5149 | D:5      | Found a staircase to the Ecumenical Temple.
  5151 | D:5      | Noticed appiemonkey's ghost (amateur MiFi)
  5183 | Temple   | Entered the Ecumenical Temple
  5359 | Temple   | Became a worshipper of Ashenzari the Shackled
  5449 | D:4      | Found an opulent altar of Gozag.
  5738 | D:4      | Killed Dowan
  5887 | D:5      | Found Udi Mus's Antique Armour Boutique.
  5893 | D:5      | Bought an embroidered hat for 250 gold pieces
  6096 | D:5      | Reached skill level 7 in Unarmed Combat
  6817 | D:6      | Found Jaheedo's Weapon Emporium.
  6852 | D:6      | Reached XP level 8. HP: 52/52 MP: 4/11
  6867 | D:6      | Noticed Prince Ribbit
  6905 | D:6      | Slain by Prince Ribbit

Skill      XL: |  1  2  3  4  5  6  7 |
---------------+----------------------+-----
Transmutations | 3 4 |  4.0
Poison Magic   | 1 3 |  3.7
Unarmed Combat | 4 6 7 |  7.2
Fighting       | 3 |  3.2
Dodging        | |  2.0
Spellcasting   | |  2.0

Action                   |  1- 3 |  4- 6 |  7- 9 || total
-------------------------+-------+-------+-------++-------
Melee: Unarmed           |    86 |   168 |    85 ||   339
       Constrict         |    15 |     9 |       ||    24
       Kick              |    13 |       |       ||    13
       Tentacles         |     9 |     4 |       ||    13
       Punch             |     1 |     1 |     1 ||     3
 Cast: Beastly Appendage |    18 |       |       ||    18
       Spider Form       |     4 |    35 |    17 ||    56
  Use: Potion            |       |     1 |     2 ||     3
 Stab: Sleeping          |     3 |     3 |     1 ||     7
  Eat: Chunk             |     3 |    11 |     5 ||    19
       Meat ration       |       |     1 |     1 ||     2
Armor: Skin              |    18 |    12 |     3 ||    33
Dodge: Dodged            |    90 |   136 |    74 ||   300
